AoeStats
← MatzeAoE

MegaRandom

504746882Analyzed
1v1 RM · 27d ago on Sep 6, 2026· 28m 49s· 2 players
Game mode
Random Map
Map size
Tiny (2 player)
Population
200
Speed
Normal
Resources
Standard
Victory
Conquest
Starting age
Dark Age
Ending age
Imperial Age
RankedLock teamsTeams togetherTeam positionsShared explorationLock speedFull tech treeHidden civsTurbo modeCheats
Victory
Defeat
🇩🇪 Dravidians · Germany
2069
+14
🇩🇰 Maya · Denmark
2022
-14
DK | Mauseren
7:15 Loom
9:45 Feudal Age
20:44 Fletching
25:05 Scale Mail Armor
MatzeAoE
6:55 Loom
10:37 Feudal Age
21:01 Double-Bit Axe
23:34 Fletching
24:30 Padded Archer Armor
Connection lost

Rejoining the realm…

Still unreachable

The connection could not be restored.

Session expired

The server has moved on; the page needs a fresh start.